 Dungeon Crawl Stone Soup version 0.27-a0-1186-g8b4daa1eef (webtiles) character file.

Game seed: 9917634204318006719

2407 Sweetruy1997 the Slicer (level 9, -2/88 HPs)
             Began as an Ogre Berserker on May 19, 2021.
             Was a Priest of Trog.
             Splashed by a jelly's acid (5 damage)
             ... on level 7 of the Dungeon.
             The game lasted 00:19:10 (9574 turns).

Sweetruy1997 the Slicer (Ogre Berserker)            Turns: 9574, Time: 00:19:11

Health: -2/88      AC:  3    Str: 23    XL:     9   Next: 47%
Magic:  9/9        EV:  6    Int:  8    God:    Trog [***...]
Gold:   73         SH: 19    Dex: 11    Spells: 8/8 levels left

rFire    + . .     SeeInvis +   t - +1 dagger (speed)
rCold    x . .     Faith    .   l - +6 tower shield
rNeg     . . .     Spirit   .   b - +0 animal skin
rPois    .         Reflect  .   (helmet restricted)
rElec    .         Harm     .   (no cloak)
rCorr    .         Rampage  .   (gloves unavailable)
Will     .....                  (boots unavailable)
Stlth    +.........             (no amulet)
HPRegen  0.24/turn              o - ring of fire
MPRegen  0.11/turn              u - ring of see invisible

@: on berserk cooldown, slowed, very slow
A: large, unfitting armour, tough skin 1
a: Renounce Religion, Berserk, Trog's Hand


You were on level 7 of the Dungeon.
You worshipped Trog.
Trog was most pleased with you.
You visited 2 branches of the dungeon, and saw 8 of its levels.

You collected 283 gold pieces.
You spent 210 gold pieces at shops.

Inventory:

Hand Weapons
 r - a +0 antimagic quarterstaff
 t - a +1 dagger of speed (weapon)
Missiles
 i - 11 poisoned darts (quivered)
 j - 2 curare-tipped darts
 m - 4 javelins
 n - 2 throwing nets
 q - 8 boomerangs
Armour
 b - a +0 animal skin (worn)
 l - a +6 tower shield (worn)
Jewellery
 o - a ring of fire (left hand)
 u - a ring of see invisible (right hand)
Wands
 w - a wand of flame (22)
Scrolls
 c - 2 scrolls of fog
 e - a scroll of summoning
 f - 2 scrolls of fear
 h - a scroll of teleportation {unknown}
 p - a scroll of amnesia {unknown}
 s - a scroll of immolation {unknown}
 v - a scroll of vulnerability {unknown}
Potions
 a - 2 potions of heal wounds
 d - a potion of lignification {unknown}
 g - 2 potions of cancellation {unknown}
 k - 2 potions of curing {unknown}


   Skills:
 - Level 5.0 Fighting
 + Level 9.9 Short Blades
 - Level 3.3 Axes
 - Level 4.0 Throwing
 - Level 3.0 Dodging
 - Level 1.0 Stealth
 - Level 2.0 Shields
 - Level 0.2 Evocations


You had 8 spell levels left.
You didn't know any spells.
Your spell library was empty.

Dungeon Overview and Level Annotations

Branches:
Dungeon (7/15)             Temple (1/1) D:6

Altars:
Ashenzari
Dithmenos
Gozag
Hepliaklqana
Makhleb
Nemelex Xobeh
Okawaru
Ru
Sif Muna
Trog
Uskayaw
Xom
Yredelemnul
The Shining One

Shops:
D:5 =

Annotations:
D:7 2 transporters, AtomicRavioli's ghost, novice DsCj


Innate Abilities, Weirdness & Mutations

You are too large for most types of armour.
You have tough skin. (AC +1)


Message History

* * * LOW HITPOINT WARNING * * *
You puncture Duvessa!
Duvessa is severely wounded.
You block Duvessa's attack.
You barely miss Duvessa.
Duvessa is severely wounded.
Duvessa barely misses you.
You hit Duvessa.
Duvessa is almost dead.
Duvessa hits you with a +0 short sword!
* * * LOW HITPOINT WARNING * * *
You closely miss Duvessa.
Duvessa is almost dead.
You barely miss Duvessa.
Duvessa is almost dead.
You block Duvessa's attack.
Your shield prevents you from hitting Duvessa.
Duvessa is almost dead.
You block Duvessa's attack.
You puncture Duvessa!
Duvessa is almost dead.
You closely miss Duvessa.
Duvessa is almost dead.
You block Duvessa's attack.
You puncture Duvessa!
You kill Duvessa!
Trog accepts your kill.
You are no longer berserk.
You are exhausted.
You feel yourself slow down. You block the jelly's attack. x2
Things that are here:
a +0 short sword; a +0 leather armour You barely miss the jelly.
You block the jelly's attack.
You hit the jelly.
Your hands burn!
* * * LOW HITPOINT WARNING * * *
The jelly is lightly wounded.
You block the jelly's attack.
You hit the jelly.
Your hands burn!
You die...

.#### ......#####
......J@.)#
.####.###.#######
# #.......#
#######.# ####.#
#....# ##.####
#.#####...##
#..........###


You could see a jelly.

Vanquished Creatures
  The ghost of indyram44 the Twirler, a novice FoGl (D:6)
  A water moccasin (D:6)
  Duvessa (D:7)
  An ice beast (D:7)
  A sky beast (D:6)
  An ogre (D:5)
  A kobold brigand (D:6)
  A bullfrog (D:6)
  5 scorpions
  Dowan (D:7)
  5 wights (D:6)
  2 bullfrog zombies (D:5)
  A centaur zombie (D:7)
  A bullfrog skeleton (D:4)
  3 hounds
  An orc priest (D:4)
  5 iguanas
  4 orc wizards
  A killer bee zombie (D:6)
  A hound zombie (D:5)
  A howler monkey zombie (D:5)
  3 gnolls (D:4)
  A howler monkey skeleton (D:6)
  6 adders
  A white imp (D:5)
  An ufetubus (D:4)
  2 dart slugs
  4 orcs
  11 ball pythons
  12 endoplasms
  6 giant cockroaches
  5 goblins
  6 hobgoblins
  3 jackals (D:2)
  4 quokkas
  3 bats
  4 frilled lizards
  14 kobolds
  4 rats
129 creatures vanquished.

Vanquished Creatures (others)
  A bush (D:4)
  14 plants
15 creatures vanquished.

Grand Total: 144 creatures vanquished

Notes
Turn   | Place    | Note
-------+----------+-------------------------------------------
     0 | D:1      | Sweetruy1997 the Ogre Berserker began the quest for the
                  | Orb.
     0 | D:1      | Reached XP level 1. HP: 24/24 MP: 1/1
   213 | D:1      | You fall into a shaft and drop 1 floor!
   257 | D:1      | Reached XP level 2. HP: 31/32 MP: 2/2
   957 | D:1      | Reached XP level 3. HP: 40/40 MP: 3/3
  1358 | D:2      | Found a hide-covered altar of Uskayaw.
  1938 | D:2      | Reached ** piety under Trog
  1950 | D:2      | Reached skill level 1 in Short Blades
  2053 | D:2      | Reached skill level 5 in Fighting
  2053 | D:2      | Reached XP level 4. HP: 29/50 MP: 4/4
  3237 | D:3      | Reached skill level 2 in Short Blades
  3237 | D:3      | Reached skill level 1 in Stealth
  3237 | D:3      | Reached XP level 5. HP: 47/57 MP: 5/5
  3566 | D:4      | Reached skill level 1 in Throwing
  3843 | D:4      | Found a basalt altar of Yredelemnul.
  4025 | D:4      | Reached skill level 1 in Shields
  4029 | D:4      | Reached XP level 6. HP: 23/66 MP: 6/6
  4031 | D:4      | Reached skill level 3 in Short Blades
  4571 | D:4      | Reached XP level 7. HP: 72/72 MP: 7/7
  4645 | D:4      | Reached *** piety under Trog
  5018 | D:5      | Entered Level 5 of the Dungeon
  5026 | D:5      | Reached skill level 4 in Short Blades
  5054 | D:5      | Found a shadowy altar of Dithmenos.
  5057 | D:5      | Found an opulent altar of Gozag.
  5374 | D:5      | Reached skill level 5 in Short Blades
  5870 | D:5      | Found Ovyfe's Jewellery Shop.
  5917 | D:5      | Bought a ring of see invisible for 210 gold pieces
  5979 | D:6      | Reached XP level 8. HP: 80/80 MP: 8/8
  6048 | D:6      | Reached skill level 6 in Short Blades
  6664 | D:6      | Found a runed translucent door.
  6665 | D:6      | Noticed indyram44's ghost (novice FoGl)
  6740 | D:6      | Reached skill level 7 in Short Blades
  7414 | D:6      | Found a shimmering altar of Xom.
  7525 | D:6      | Found a sacrificial altar of Ru.
  7654 | D:6      | Found a staircase to the Ecumenical Temple.
  7661 | Temple   | Entered the Ecumenical Temple
  8082 | D:6      | Killed indyram44's ghost
  8083 | D:6      | Reached skill level 9 in Short Blades
  8083 | D:6      | Reached XP level 9. HP: 20/88 MP: 9/9
  8482 | D:7      | Noticed a moth of wrath
  8487 | D:7      | Noticed AtomicRavioli's ghost (novice DsCj)
  9104 | D:7      | Found a transporter.
  9475 | D:7      | Found a transporter.
  9527 | D:7      | Noticed Duvessa
  9528 | D:7      | Noticed Dowan
  9556 | D:7      | Killed Dowan
  9570 | D:7      | Killed Duvessa
  9573 | D:7      | HP: 3/88 [acid (4)]
  9574 | D:7      | Splashed by a jelly's acid

Illustrated notes

Levels and vault maps discovered:
D:1:      roderic_dead_forest, layout_loops_corners
D:2:      layout_loops_ring, basic_altar
D:3:      kennysheep_big_flooded_room, layout_loops_ring,
          minmay_shallow_snake_nest
D:4:      minmay_chambers_of_threes, layout_basic, lemuel_tele_altar,
          serial_forest, infiniplex_forest_clump_small,
          infiniplex_forest_clump_diagonal, infiniplex_forest_corner_1,
          infiniplex_forest_split, infiniplex_forest_join,
          infiniplex_forest_join
D:5:      layout_rooms, grunt_temple_overflow_open, serial_shops,
          kennysheep_little_box
D:6:      layout_basic, xom_teletrap_fun, lemuel_doored_altar,
          minmay_temple_entry_statues, gammafunk_ghost_grave, item_on_display_b
D:7:      layout_loops_ring, nicolae_overflow_crystal_walls,
          lemuel_crystal_altar, amethyst_overflow_temple_binary,
          gammafunk_ghost_berserking_beasts, uniq_duvessa
Temple:   nicolae_temple_figure_zero

Skill      XL: |  1  2  3  4  5  6  7  8 |
---------------+-------------------------+-----
Dodging        | 3 |  3.0
Short Blades   | 1 2 3 5 9 |  9.9
Fighting       | 5 |  5.0
Stealth        | 1 |  1.0
Throwing       | 2 3 4 |  4.0
Shields        | 1 2 |  2.0
Axes           | |  3.3
Evocations     | |  0.2

Action                   |  1- 3 |  4- 6 |  7- 9 || total
-------------------------+-------+-------+-------++-------
Melee: Hand axe          |    36 |       |       ||    36
       Rapier            |    71 |    65 |    49 ||   185
       Dagger            |       |       |   446 ||   446
Throw: Javelin           |       |    55 |     5 ||    60
       Dart              |       |    10 |    42 ||    52
Invok: Berserk           |       |     1 |     5 ||     6
       Trog's Hand       |       |       |     2 ||     2
Evoke: Wand              |       |       |     1 ||     1
  Use: Scroll            |       |     3 |     8 ||    11
 Stab: Sleeping          |     1 |       |     1 ||     2
Armor: Animal skin       |    25 |    14 |    43 ||    82
Dodge: Dodged            |    61 |    15 |    37 ||   113
Block: Tower shield      |       |    49 |   323 ||   372

Table legend: (Time is in decaauts)
 A = Elapsed time spent in this place.
 B = Non-inter-level travel time spent in this place.
 C = Inter-level travel time spent in this place.
 D = Time resting spent in this place.
 E = Time spent auto-exploring this place.
 F = Levels seen in this place.
 G = Mean time per level.
                   A        B        C        D        E       F      G
               +--------+--------+--------+--------+--------+-----+--------+
         Total |   9681 |   9474 |    207 |   3849 |   4288 |   8 | 1210.1 |
       Dungeon |   9555 |   9358 |    197 |   3849 |   4175 |   7 | 1365.0 |
        Temple |    126 |    116 |     10 |      0 |    113 |   1 |  126.0 |
               +--------+--------+--------+--------+--------+-----+--------+

Top non-repeatable levels by time:
     D:6: 2350 daAuts
     D:4: 1525 daAuts
     D:1: 1356 daAuts
     D:2: 1273 daAuts
     D:7: 1106 daAuts
     D:3: 989 daAuts
     D:5: 952 daAuts
  Temple: 126 daAuts
